 Dungeon Crawl Stone Soup version 0.31-a0-472-g43a2ca8e1b (webtiles) character file.

Game seed: 17320399428494166947

31086 Tutankhamun the Peltast (level 13, -5/114 HPs)
             Began as a Hill Orc Fighter on Aug 6, 2023.
             Was the Champion of Beogh.
             Killed from afar by an ice statue (7 damage)
             ... with a bolt of cold
             ... in an ice cave.
             The game lasted 00:21:41 (13466 turns).

Tutankhamun the Peltast (Hill Orc Fighter)         Turns: 13466, Time: 00:21:42

Health: -5/114     AC: 15    Str: 24    XL:     13   Next: 55%
Magic:  13/13      EV: 14    Int:  8    God:    Beogh [******]
Gold:   1737       SH: 21    Dex: 14    Spells: 10/12 levels left

rFire   . . .        I - +3 hand axe (elec)
rCold   . . .        u - +1 tower shield
rNeg    . . .        K - +0 ring mail "Lenn" {Fly rPois Dex+4}
rPois   +            G - +2 helmet
rElec   .            p - +0 cloak
rCorr   .            k - +0 pair of gloves
SInv    .            S - +0 pair of boots
Will    .....        z - amulet of regeneration
Stlth   +            x - +5 ring of evasion
HPRegen 1.19/turn    a - +4 ring of slaying
MPRegen 0.13/turn

%: no passive effects
@: flying
A: walk on water
a: Renounce Religion, Smiting, Recall Orcish Followers, Give Item to Named
Follower, Resurrection


You were in an ice cave.
You worshipped Beogh.
Beogh was exalted by your worship.
You visited 3 branches of the dungeon, and saw 17 of its levels.
You also visited: Ice Cave.

You collected 1827 gold pieces.
You spent 90 gold pieces at shops.

Inventory:

Hand Weapons
 I - a +3 hand axe of electrocution (weapon)
 J - a +0 hand axe of electrocution
Missiles
 n - 11 boomerangs
 y - 12 javelins
 H - 46 poisoned darts
Armour
 c - a +0 buckler
 k - a +0 pair of gloves (worn)
 p - a +0 cloak (worn)
 u - a +1 tower shield (worn)
 G - a +2 helmet (worn)
 K - the +0 ring mail "Lenn" (worn) {Fly rPois Dex+4}
   (You found it on level 6 of the Dungeon)

   Dex:       It affects your dexterity (+4).
   rPois:     It protects you from poison.
   Fly:       It grants you flight.
 N - a +0 kite shield
 S - a +0 pair of boots (worn)
Jewellery
 a - a +4 ring of slaying (right hand)
 i - a ring of magical power
 x - a +5 ring of evasion (left hand)
 z - an amulet of regeneration (around neck)
 D - a ring of protection from fire
 T - a +4 ring of protection
 W - a ring of fire
Wands
 A - a wand of digging (5)
 M - a wand of polymorph (6)
 O - a wand of flame (8)
 Q - a wand of paralysis (4)
 X - a wand of mindburst (5) (quivered)
Scrolls
 b - 2 scrolls of vulnerability
 f - 3 scrolls of blinking
 j - a scroll of enchant weapon
 o - a scroll of poison
 s - 2 scrolls of fear
 v - 2 scrolls of noise
 w - a scroll of revelation
 B - a scroll of fog
 F - a scroll of identify
 U - 2 scrolls of teleportation
 V - a scroll of immolation
Potions
 d - a potion of might
 e - a potion of enlightenment
 l - 2 potions of attraction
 m - a potion of resistance {unknown}
 q - 3 potions of haste {unknown}
 r - 6 potions of curing
 t - a potion of mutation {unknown}
 C - 2 potions of brilliance {unknown}
 E - 4 potions of lignification {unknown}
 L - a potion of invisibility {unknown}
 P - 2 potions of berserk rage {unknown}
 R - a potion of ambrosia {unknown}


   Skills:
 - Level 10.5 Fighting
 - Level 14.3 Axes
 - Level 10.4 Armour
 + Level 17.5 Shields


You had 10 spell levels left.
You knew the following spells:

 Your Spells              Type           Power      Damage    Failure   Level
a - Blink                 Tloc           0%         N/A       88%         2

Your spell library contained the following spells:

 Spells                   Type           Power      Damage    Failure   Level
 Shock                    Conj/Air       0%         1d3       77%         1
 Lesser Beckoning         Tloc           0%         N/A       88%         2
 Dazzling Flash           Conj/Hex       0%         N/A       98%         3
 Gell's Gravitas          Tloc           0%         N/A       98%         3
 Teleport Other           Tloc           0%         N/A       98%         3
 Volatile Blastmotes      Fire/Tloc      0%         2d10      98%         3
 Anguish                  Hex/Necr       0%         N/A       100%        4
 Animate Armour           Summ/Erth      0%         N/A       100%        4
 Cause Fear               Hex            0%         N/A       100%        4
 Manifold Assault         Tloc           0%         N/A       100%        4
 Summon Lightning Spire   Summ/Air       0%         N/A       100%        4
 Lee's Rapid Deconstruct  Erth           0%         3d4*      100%        5
 Starburst                Conj/Fire      0%         6d3       100%        6
 Summon Cactus Giant      Summ           0%         N/A       100%        6
 Enfeeble                 Hex            0%         N/A       100%        7
 Maxwell's Capacitive Co  Air            0%         ∞         100%        8


Dungeon Overview and Level Annotations

Branches:
Dungeon (12/15)            Temple (0/1) D:7            Lair (3/5) D:9
  Swamp (0/4) Lair:3       Spider (0/4) Lair:2          Orc (2/2) D:10
    Elf (0/3) Orc:2         IceCv (1/1)

Altars:
Ashenzari
Cheibriados
Dithmenos
Fedhas
Gozag
Hepliaklqana
Uskayaw
Xom
Zin
The Shining One
Beogh

Shops:
D:4 ?   Orc:1 ?   Orc:2 [(((

Annotations:
D:4 3 runed translucent doors, u553311's ghost, amateur DEHu
D:7 1 transporter, bdfhjk's ghost, novice OpCj
D:9 1 runed translucent door, MacCMillion's ghost, journeyman DrSh
Lair:3 1 runed translucent door, blacky4's ghost, journeyman DsGl IceCv 1 transporter, exclusion: ice statue


Message History

You hit the ice beast.
You kill the ice beast!
The ice beast disappears in a puff of smoke!
Unknown command.
You hit the ice statue.
The ice statue is moderately damaged.
You slash the ice statue!
The ice statue is heavily damaged.
The ice statue gestures at you. The bolt of cold hits you!
You hit the ice statue.
The ice statue is heavily damaged.
The ice statue glitters chillingly in the dim dungeon light.
You slash the ice statue!
The ice statue is heavily damaged.
The ice statue gestures at you. The freezing blast engulfs you.
You hit the ice statue.
The ice statue is severely damaged.
You are engulfed in freezing vapours.
* * * LOW HITPOINT WARNING * * *
Unknown command.
You slash the ice statue!
The ice statue is severely damaged.
You are engulfed in freezing vapours.
* * * LOW HITPOINT WARNING * * *
You hit the ice statue.
The ice statue is severely damaged.
You are engulfed in freezing vapours.
* * * LOW HITPOINT WARNING * * *
You are engulfed in freezing vapours.
* * * LOW HITPOINT WARNING * * *
The ice statue gestures at you. You block the shard of ice.
You see here a manual of Ice Magic.
You are engulfed in freezing vapours.
* * * LOW HITPOINT WARNING * * *
The ice statue gestures at you. The bolt of cold hits you!
You die...

##### ####
####...### ##.©#
##........####8..#
#..........##8...#
...........#8....#
......8..[.#..)..#
..........8#.†.:)#
∩..†....)©©#©)°)@#
..........8#...○°#
......8....#..°○°#
...........#8.○°8#
#..........##8..○#
##........####8..#
####...### ##.∩#
##### ####


You could see an ice statue.

Vanquished Creatures
  Erolcha (Orc:2)
  A centaur warrior (Orc:2)
  A death yak (Lair:3)
  An orc knight (Orc:1)
  An oklob plant (Lair:2)
  An ugly thing (IceCv)
  A cyclops (D:11)
  A black mamba (Lair:3)
  3 elephants (Lair:2)
  A cane toad (Lair:3)
  A gargoyle (D:11)
  An ice statue (IceCv)
  3 rime drakes (Lair:1)
  5 kobold demonologists (D:9)
  Psyche (D:10)
  An unseen horror (D:11)
  3 komodo dragons
  A troll (D:11)
  Grinder (D:3)
  Prince Ribbit (D:6)
  11 blink frogs
  3 slime creatures (D:12)
  A wraith (D:11)
  13 yaks
  A basilisk (D:12)
  A steam dragon (D:8)
  2 death yak simulacra (IceCv)
  3 vampire mosquitoes (D:11)
  7 water moccasins
  3 ice beasts
  2 sky beasts (D:7)
  9 orc warriors
  4 ogres
  A wolf (Lair:3)
  5 centaurs (Orc:2)
  A phantom (D:4)
  7 kobold brigands
  2 gnoll sergeants (D:9)
  Blork the orc (D:6)
  8 bullfrogs
  2 scorpions
  A cane toad simulacrum (IceCv)
  3 wights (D:6)
  13 killer bees
  2 hounds
  3 jellies
  7 orc priests
  Crazy Yiuf (D:2)
  Jessica (D:3)
  2 iguanas
  7 orc wizards
  10 gnolls (D:9)
  5 adders
  2 white imps (D:6)
  2 worms (D:3)
  2 dart slugs (D:1)
  18 orcs
  11 endoplasms
  4 giant cockroaches
  5 goblins
  4 hobgoblins
  5 jackals
  33 kobolds
  6 quokkas
  8 ball pythons
  5 bats
  2 frilled lizards
  5 rats
284 creatures vanquished.

Vanquished Creatures (collateral kills)
  An ettin (Orc:1)
  3 hydras
  2 boulder beetles
  A death yak (Lair:3)
  Urug (Orc:2)
  An orc high priest (Orc:1)
  An orc knight (Orc:1)
  An ugly thing (IceCv)
  A manticore (D:11)
  7 elephants
  3 cane toads
  A torpor snail (Lair:3)
  A komodo dragon (Lair:2)
  A rime drake (Lair:3)
  A tyrant leech (Lair:3)
  A polar bear (Lair:1)
  6 blink frogs
  5 slime creatures (D:12)
  3 wyverns
  8 yaks
  4 basilisks
  3 vampire mosquitoes
  6 water moccasins
  An acid dragon (D:11)
  15 orc warriors
  2 ogres (Orc:2)
  5 centaurs (Orc:2)
  A scorpion (Lair:1)
  6 orc priests
  8 orc wizards
  8 orcs
  A goblin (D:10)
  A butterfly (Lair:1)
110 creatures vanquished.

Vanquished Creatures (others)
  6 orc knights
  4 orc priests
  12 orc warriors
  A wolf (Lair:3)
  6 orc wizards
  24 orcs
53 creatures vanquished.

Grand Total: 447 creatures vanquished

Notes
Turn   | Place    | Note
-------+----------+-------------------------------------------
     0 | D:1      | Tutankhamun the Hill Orc Fighter began the quest for the
                  | Orb.
     0 | D:1      | Reached XP level 1. HP: 19/19 MP: 1/1
    85 | D:1      | Reached XP level 2. HP: 26/26 MP: 2/2
   358 | D:1      | Reached XP level 3. HP: 30/31 MP: 3/3
   412 | D:1      | Found a roughly hewn altar of Beogh.
   450 | D:1      | Found a faded altar of an unknown god.
   796 | D:2      | Reached skill level 5 in Axes
  1067 | D:2      | Reached XP level 4. HP: 39/39 MP: 4/4
  1307 | D:2      | Found a runed translucent door.
  1308 | D:2      | Noticed Crazy Yiuf
  1806 | D:2      | Killed Crazy Yiuf
  1983 | D:3      | Noticed Jessica
  1990 | D:3      | Killed Jessica
  1991 | D:3      | Reached XP level 5. HP: 45/45 MP: 5/5
  2226 | D:3      | Became a worshipper of Beogh the Brigand
  2311 | D:3      | Noticed Grinder
  2330 | D:3      | Killed Grinder
  2331 | D:3      | Reached XP level 6. HP: 44/51 MP: 6/6
  2594 | D:4      | Found Odaorici's Magic Scroll Shoppe.
  2605 | D:4      | Reached XP level 7. HP: 56/57 MP: 7/7
  2646 | D:4      | Bought a scroll of blinking for 90 gold pieces
  2676 | D:4      | Reached skill level 10 in Axes
  2976 | D:4      | Found a glowing silver altar of Zin.
  2976 | D:4      | Found a hazy altar of Hepliaklqana.
  2991 | D:4      | Found an opulent altar of Gozag.
  2995 | D:4      | Found a blossoming altar of Fedhas.
  3108 | D:4      | Found a hide-covered altar of Uskayaw.
  3123 | D:4      | Reached * piety under Beogh
  3236 | D:4      | Found a runed translucent gate.
  3236 | D:4      | Noticed u553311's ghost (amateur DEHu)
  3237 | D:4      | Found a runed translucent gate.
  3237 | D:4      | Identified the +0 leather armour of the Platytaur {rF+ rC+}
  3238 | D:4      | Found a runed translucent gate.
  3416 | D:4      | Found a roughly hewn altar of Beogh.
  3466 | D:5      | Entered Level 5 of the Dungeon
  4014 | D:6      | Reached XP level 8. HP: 64/64 MP: 8/8
  4047 | D:6      | Learned a level 2 spell: Blink
  4054 | D:6      | Noticed Blork the orc
  4069 | D:6      | Killed Blork the orc
  4085 | D:6      | Found a snail-covered altar of Cheibriados.
  4091 | D:6      | Found a shadowy altar of Dithmenos.
  4155 | D:6      | Noticed Prince Ribbit
  4180 | D:6      | Killed Prince Ribbit
  4237 | D:6      | Identified the +0 ring mail "Lenn" {Fly rPois Dex+4}
  4337 | D:6      | Got the Quarto of the Hot Ocelot
  4569 | D:7      | Found a transporter.
  4576 | D:7      | Noticed a two-headed ogre
  4576 | D:7      | Noticed bdfhjk's ghost (novice OpCj)
  4686 | D:7      | Reached XP level 9. HP: 63/71 MP: 9/9
  4941 | D:7      | Found a staircase to the Ecumenical Temple.
  4976 | D:7      | Reached skill level 5 in Fighting
  5606 | D:8      | Reached skill level 5 in Armour
  5756 | D:8      | Reached ** piety under Beogh
  6330 | D:9      | Noticed a kobold demonologist
  6331 | D:9      | Noticed a kobold demonologist
  6332 | D:9      | Noticed a kobold demonologist
  6335 | D:9      | Noticed an ice devil
  6337 | D:9      | Noticed a kobold demonologist
  6344 | D:9      | Killed a kobold demonologist
  6360 | D:9      | Killed a kobold demonologist
  6361 | D:9      | Reached XP level 10. HP: 81/86 MP: 10/10
  6364 | D:9      | Noticed a smoke demon
  6366 | D:9      | Killed a kobold demonologist
  6370 | D:9      | Noticed an orange demon
  6376 | D:9      | Killed a kobold demonologist
  6384 | D:9      | Found a runed translucent door.
  6386 | D:9      | Noticed MacCMillion's ghost (journeyman DrSh)
  6391 | D:9      | Found a staircase to the Lair.
  7036 | D:9      | Noticed a kobold demonologist
  7046 | D:9      | Killed a kobold demonologist
  7141 | D:9      | Reached *** piety under Beogh
  7406 | D:10     | Entered Level 10 of the Dungeon
  7410 | D:10     | Identified the +0 hand axe "Ciulosm" {drain, rPois}
  7454 | D:10     | Reached skill level 10 in Armour
  7566 | D:10     | Found a staircase to the Orcish Mines.
  7571 | D:10     | Identified the +1 dagger "Kouhy" {flame, Contam Str+5}
  7576 | D:10     | Reached skill level 10 in Fighting
  7893 | D:10     | Noticed Psyche
  7898 | D:10     | Killed Psyche
  7973 | D:10     | Reached XP level 11. HP: 94/101 MP: 11/11
  8554 | D:11     | Noticed a cyclops
  8564 | D:11     | Noticed a manticore
  8567 | D:11     | Killed a cyclops
  8568 | D:11     | Reached skill level 4 in Shields
  8575 | D:11     | Reached skill level 5 in Shields
  8588 | D:11     | Killed a manticore
  8589 | D:11     | Reached skill level 6 in Shields
  8899 | D:11     | Reached skill level 7 in Shields
  8905 | D:11     | Reached **** piety under Beogh
  9000 | D:11     | Reached skill level 8 in Shields
  9088 | Lair:1   | Entered Level 1 of the Lair of Beasts
  9140 | Lair:1   | Gained Bogrim as an ally
  9153 | Lair:1   | Reached skill level 9 in Shields
  9211 | Lair:1   | Noticed a boulder beetle
  9225 | Lair:1   | Killed a boulder beetle
  9289 | Lair:1   | Found a broken altar of Ashenzari.
  9316 | Lair:1   | Reached skill level 10 in Shields
  9664 | Lair:1   | Reached skill level 11 in Shields
  9664 | Lair:1   | Reached XP level 12. HP: 78/107 MP: 12/12
 10252 | Lair:2   | Reached skill level 12 in Shields
 10261 | Lair:2   | Gained Boghold as an ally
 10328 | Lair:2   | Found a hole to the Spider Nest.
 10366 | Lair:2   | Noticed an eight-headed hydra
 10373 | Lair:2   | Killed a ten-headed hydra
 10373 | Lair:2   | Reached ***** piety under Beogh
 10374 | Lair:2   | Reached skill level 13 in Shields
 10380 | Lair:2   | Gained Bladwarg as an ally
 10769 | Lair:2   | Found a glowing golden altar of the Shining One.
 10949 | Lair:3   | Reached skill level 14 in Shields
 10967 | Lair:3   | Gained Argrim as an ally
 10972 | Lair:3   | Found a staircase to the Swamp.
 11014 | Lair:3   | Noticed a death yak
 11014 | Lair:3   | Noticed a death yak
 11023 | Lair:3   | Killed a death yak
 11026 | Lair:3   | Killed a death yak
 11087 | Lair:3   | Noticed a seven-headed hydra
 11087 | Lair:3   | Noticed a six-headed hydra
 11090 | Lair:3   | Noticed an eight-headed hydra
 11090 | Lair:3   | Noticed a four-headed hydra
 11092 | Lair:3   | Your ally Boghold died
 11094 | Lair:3   | Noticed a boulder beetle
 11098 | Lair:3   | Killed an eight-headed hydra
 11099 | Lair:3   | Reached skill level 15 in Shields
 11102 | Lair:3   | Killed a nine-headed hydra
 11105 | Lair:3   | Your ally Bogrim died
 11105 | Lair:3   | Killed a boulder beetle
 11114 | Lair:3   | Your ally Argrim died
 11118 | Lair:3   | Your ally Bladwarg died
 11215 | Lair:3   | Found a runed translucent door.
 11215 | Lair:3   | Found a shimmering altar of Xom.
 11215 | Lair:3   | Noticed blacky4's ghost (journeyman DsGl)
 11237 | Lair:3   | Noticed an eight-headed hydra
 11239 | Lair:3   | Reached XP level 13. HP: 103/114 MP: 13/13
 11316 | Orc:1    | Entered Level 1 of the Orcish Mines
 11447 | Orc:1    | Found a roughly hewn altar of Beogh.
 11520 | Orc:2    | Entered Level 2 of the Orcish Mines
 11541 | Orc:2    | Noticed Erolcha
 11551 | Orc:2    | Killed Erolcha
 11738 | Orc:2    | Found a staircase to the Elven Halls.
 11762 | Orc:2    | Noticed Urug
 11766 | Orc:2    | Reached skill level 16 in Shields
 11770 | Orc:2    | Gained Bogwik as an ally
 11772 | Orc:2    | Killed Urug
 11787 | Orc:2    | Found Kisuo's Weapon Emporium.
 11787 | Orc:2    | Found Nigalalu's Weapon Boutique.
 11794 | Orc:2    | Found Neviusahi's Weapon Shoppe.
 11796 | Orc:2    | Found Fipoph's Armour Shop.
 11915 | Orc:2    | Found a roughly hewn altar of Beogh.
 12170 | Orc:1    | Noticed an orc warlord
 12177 | Orc:1    | Gained Wardok as an ally
 12551 | Orc:1    | Noticed an ettin
 12564 | Orc:1    | Killed an ettin
 12776 | Orc:1    | Reached ****** piety under Beogh
 12777 | Orc:1    | Reached skill level 17 in Shields
 12780 | Orc:1    | Found a roughly hewn altar of Beogh.
 13005 | Orc:1    | Found Puock's Magic Scroll Boutique.
 13263 | D:12     | Found a frozen archway.
 13306 | IceCv    | Entered an ice cave
 13318 | IceCv    | Found a transporter.
 13331 | IceCv    | Found a transporter.
 13466 | IceCv    | HP: 1/114 [ice statue] (10)]
 13466 | IceCv    | Killed from afar by an ice statue

Illustrated notes

Levels and vault maps discovered:
D:1:      minmay_arrival_split_and_join, layout_basic,
          hellmonk_ecumenical_altar_defaced_shrine, serial_aquarium,
          aquarium_bridge_long_joined [aquarium_subvault_bridge,
          aquarium_subvault_window, aquarium_subvault_wall,
          aquarium_subvault_bridge, aquarium_subvault_wall,
          aquarium_subvault_balcony], aquarium_bridge_straight
          [aquarium_subvault_bridge, aquarium_subvault_wall,
          aquarium_subvault_bridge, aquarium_subvault_wall],
          aquarium_window_corridor_3, aquarium_window_fake, aquarium_view_2b,
          aquarium_view_2d, aquarium_balcony_3a
D:2:      layout_loops_corners, uniq_crazy_yiuf_cottage
D:3:      layout_loops_cross, uniq_jessica, uniq_grinder
D:4:      layout_rooms, mainiacjoe_overflow_concentric_impassable,
          nicolae_overflow_macrodata_refinement, biasface_ghost_orc_armoury,
          serial_shops, shop, lemuel_flame_loot_1
D:5:      layout_basic, grunt_decor_junction
D:6:      layout_cave_pools, grunt_temple_overflow_open, uniq_prince_ribbit1,
          uniq_blork_the_orc
D:7:      layout_basic, minmay_temple_entry_ruins, gammafunk_ghost_smash,
          grunt_decor_resistance
D:8:      layout_loops_ring
D:9:      layout_loops_corners, lair_entry_dummy, ebering_ghost_reflecting_pool,
          blue_anna_alchemist
D:10:     layout_cave_pods, erik_orc_4, uniq_psyche
D:11:     layout_long_grid
D:12:     layout_cave_pools, portal_ice_cave_entry_pillars_1, uniq_maurice
Lair:1:   layout_regular_city, basic_altar, st_stairs_7, fungi_pond_lemuel,
          beast_lair_carwin_1, lemuel_fruit_fields
Lair:2:   layout_concentric_octagons, dummy_spider_entry, lemuel_oklob_altar
Lair:3:   nzn_winding_woodlands_large [nzn_winding_woodlands_5x5_closed_star,
          nzn_winding_woodlands_5x15_pockets,
          nzn_winding_woodlands_5x5_checkerboard,
          nzn_winding_woodlands_center_diamonds,
          nzn_winding_woodlands_15x15_killbox,
          nzn_winding_woodlands_center_garden, nzn_winding_woodlands_5x5_three,
          nzn_winding_woodlands_5x15_crooked,
          nzn_winding_woodlands_5x5_default], layout_gridlike,
          minmay_swamp_entry_worms, ebering_ghost_xom
Orc:1:    orc_temple, layout_caves, serial_shops, shop, basic_altar
Orc:2:    st_orc_rangers, layout_caves, basic_altar, uniq_erolcha, uniq_urug
IceCv:    ice_cave_statue_garden_transporter

Skill      XL: |  1  2  3  4  5  6  7  8  9 10 11 12 13 |
---------------+----------------------------------------+-----
Axes           | 3 4 5 6 9 11 14 | 14.3
Fighting       | 4 7 10 | 10.5
Armour         | 7 10 | 10.4
Shields        | 11 15 17 | 17.5

Action                     |  1- 3 |  4- 6 |  7- 9 | 10-12 | 13-15 || total
---------------------------+-------+-------+-------+-------+-------++-------
  Melee: War axe           |   101 |    84 |   126 |       |       ||   311
         Hand axe          |       |       |   143 |   525 |   175 ||   843
         Unarmed           |       |       |       |     1 |       ||     1
 Invoke: Convert to Beogh  |       |     1 |       |       |       ||     1
         Recall Orcish Fol |       |       |       |     2 |     1 ||     3
         Give Item to Name |       |       |       |     1 |       ||     1
  Evoke: Wand              |       |       |       |       |     1 ||     1
    Use: Scroll            |     3 |       |     4 |     2 |     9 ||    18
         Potion            |       |       |       |     1 |     5 ||     6
   Stab: Distracted        |       |       |       |     3 |     1 ||     4
 Armour: Scale mail        |    46 |    29 |    36 |       |       ||   111
         Ring mail         |       |       |    18 |   137 |    28 ||   183
  Dodge: Dodged            |    48 |    31 |    94 |   243 |    49 ||   465
  Block: Buckler           |    30 |    12 |    41 |    73 |       ||   156
         Tower shield      |       |       |       |   137 |   160 ||   297

Table legend: (Time is in decaauts)
 A = Elapsed time spent in this place.
 B = Non-inter-level travel time spent in this place.
 C = Inter-level travel time spent in this place.
 D = Time resting spent in this place.
 E = Time spent auto-exploring this place.
 F = Levels seen in this place.
 G = Mean time per level.
                   A        B        C        D        E       F      G
               +--------+--------+--------+--------+--------+-----+--------+
         Total |  13234 |  12674 |    560 |   1557 |   8772 |  18 |  735.2 |
       Dungeon |   9125 |   8653 |    472 |    480 |   6641 |  12 |  760.4 |
          Lair |   2135 |   2088 |     47 |    526 |   1144 |   3 |  711.7 |
  Orcish Mines |   1827 |   1787 |     40 |    493 |    987 |   2 |  913.5 |
      Ice Cave |    145 |    145 |      0 |     58 |      0 |   1 |  145.0 |
               +--------+--------+--------+--------+--------+-----+--------+

Top non-repeatable levels by time:
     D:2: 1195 daAuts
   Orc:1: 1166 daAuts
  Lair:1: 1081 daAuts
     D:9: 1044 daAuts
    D:10: 1008 daAuts
     D:7: 936 daAuts
     D:4: 876 daAuts
     D:1: 813 daAuts
  Lair:2: 752 daAuts
     D:8: 742 daAuts
    D:11: 695 daAuts
   Orc:2: 660 daAuts
     D:3: 622 daAuts
     D:6: 598 daAuts
     D:5: 535 daAuts
